 Dungeon Crawl Stone Soup version 0.32-a0-986-ga09f62fbf4 (webtiles) character file.

Game seed: 2142151575409718563

1071 TacoSundae the Carver (level 8, -1/60 HPs)
             Began as a Coglin Gladiator on Apr 21, 2024.
             Was a Follower of Okawaru.
             Splashed by a jelly's acid (3 damage)
             ... on level 5 of the Dungeon.
             The game lasted 00:10:12 (3817 turns).

TacoSundae the Carver (Coglin Gladiator)            Turns: 3817, Time: 00:10:12

Health: -1/60      AC: -8    Str: 16    XL:     8   Next: 28%
Magic:  8/8        EV: 10    Int:  7    God:    Okawaru [*.....]
Gold:   225        SH:  0    Dex: 17    Spells: 7/7 levels left

rFire   . . .        a - +0 long sword {Choonhe}
rCold   . . .        b - +0 short sword (elec) {Fredrik}
rNeg    . . .        n - +0 scale mail
rPois   .            c - +0 helmet
rElec   .            (no cloak)
rCorr   .            (no gloves)
SInv    .            (no boots)
Will    .....        (amulet unavailable) Stlth
                     (ring unavailable)
HPRegen 0.30/turn    (ring unavailable)
MPRegen 0.11/turn    (no gizmo)

%: no passive effects
@: corroded, revved
A: off-hand wielding, slow wielding, warmup strikes, no jewellery
a: Invent Gizmo, Renounce Religion, Heroism


You were on level 5 of the Dungeon.
You worshipped Okawaru.
Okawaru was aware of your devotion.
You visited 1 branch of the dungeon, and saw 5 of its levels.

You collected 225 gold pieces.

Inventory:

Hand Weapons
 a - a +0 long sword (weapon) {Choonhe}
 b - a +0 short sword of electrocution (offhand) {Fredrik}
Missiles
 d - 2 throwing nets (quivered)
 j - 6 curare-tipped darts
 y - a javelin
Armour
 c - a +0 helmet (worn)
 n - a +0 scale mail (worn)
Magical Staves
 v - a staff of air
Wands
 m - a wand of flame (19)
 w - a wand of polymorph (22)
Scrolls
 e - a scroll of noise {unknown}
 f - a scroll of vulnerability {unknown}
 g - 2 scrolls of fog {unknown}
 i - 5 scrolls of identify {unknown}
 l - 3 scrolls of fear {unknown}
 p - a scroll of immolation {unknown}
 q - 3 scrolls of teleportation {unknown}
 r - a scroll of summoning {unknown}
 s - a scroll of amnesia {unknown}
 x - a scroll of silence {unknown}
Potions
 h - 2 potions of curing
 k - a potion of heal wounds {unknown}
 o - 2 potions of degeneration {unknown}
 t - a potion of mutation {unknown}
 u - a potion of attraction {unknown}
 z - a potion of brilliance {unknown}


   Skills:
 + Level 3.7 Fighting
 * Level 8.3 Long Blades
 - Level 1.7 Throwing
 + Level 2.2 Armour
 + Level 4.0 Dodging


You had 7 spell levels left.
You didn't know any spells.
Your spell library contained the following spells:

 Spells                   Type           Power      Damage    Failure   Level
 Necrotise                Necr           0%         1d4       86%         1
 Sandblast                Erth           0%         2d4       86%         1
 Ensorcelled Hibernation  Hex/Ice        0%         N/A       95%         2
 Fugue of the Fallen      Necr           0%         N/A       99%         3
 Passwall                 Erth           0%         N/A       99%         3
 Stone Arrow              Conj/Erth      0%         3d7       99%         3
 Vampiric Draining        Necr           0%         2d6       99%         3
 Anguish                  Hex/Necr       0%         N/A       100%        4
 Curse of Agony           Necr           0%         N/A       100%        5
 Martyr's Knell           Necr/Summ      Unusable   N/A       N/A         4

Dungeon Overview and Level Annotations

Branches:
Dungeon (5/15)
 Temple: D:4-7

Altars:
Dithmenos
Okawaru
Uskayaw
Wu Jian
Zin

Shops:
D:4 =


Innate Abilities, Weirdness & Mutations

You can wield a second weapon in your off-hand.
It takes a long time for you to wield or remove held weapons.
Your first few attacks do less damage.
You cannot equip rings or amulets.


Message History

You start resting.
HP restored.
You climb downwards.
The jelly closely misses you.
There is a stone staircase leading up here.
Unknown command.
You hit the jelly with your +0 long sword.
Your graspers burn!
The jelly is lightly wounded.
You hit the jelly with your +0 short sword of electrocution.
The acid corrodes you!
Your graspers burn!
The jelly hits you.
You are splashed with acid!
You hit the jelly but do no damage.
Your graspers burn!
The jelly is lightly wounded.
You barely miss the jelly with your +0 short sword of electrocution.
The jelly misses you.
You slash the jelly with your +0 long sword!
Your graspers burn!
The jelly is heavily wounded.
You hit the jelly with your +0 short sword of electrocution.
Your graspers burn!
The jelly barely misses you.
You hit the jelly but do no damage.
Your graspers burn!
The jelly is severely wounded.
You hit the jelly but do no damage. The acid corrodes you!
Your graspers burn!
The jelly barely misses you.
You hit the jelly with your +0 short sword of electrocution.
Your graspers burn!
The jelly is severely wounded.
You hit the jelly with your +0 long sword.
The acid corrodes you!
Your graspers burn!
* * * LOW HITPOINT WARNING * * *
The jelly hits you.
* * * LOW HITPOINT WARNING * * *
The acid corrodes you!
You are splashed with acid!
* * * LOW HITPOINT WARNING * * *
You hit the jelly but do no damage.
Your graspers burn!
* * * LOW HITPOINT WARNING * * *
The jelly is severely wounded.
You hit the jelly with your +0 long sword.
Your graspers burn!
You die...

###.#...#..#.####.#...##
#.##..##......#.#.#.##
#.....###..#.##.#.#.##
#.###.#....#.##......#
#.# #.#.##.#.####.##..
#.###.#....#......##.#
#.....#..#.#####).##.#
#.....................
#....@...#...####..#..
#.....J..###..# #..###
#.....>.)# ##..##..###
#####.#### #.##...)) #.#
#..#..### #.. ##......
###. #####.# .... .....#


You could see a jelly.

Vanquished Creatures
  Eustachio (D:5)
  Edmund (D:4)
  A sky beast (D:4)
  A black bear (D:5)
  An ogre (D:5)
  A scorpion (D:5)
  2 bombardier beetles (D:4)
  A gnoll bouda (D:5)
  A sleepcap (D:3)
  Jessica (D:2)
  Ijyb (D:5)
  Terence (D:2)
  2 iguanas (D:4)
  2 orc wizards (D:5)
  7 gnolls
  4 adders
  A white imp (D:5)
  4 dart slugs
  2 ribbon worms
  5 orcs
  5 endoplasms
  9 giant cockroaches
  6 goblins
  11 hobgoblins
  3 quokkas
  3 ball pythons
  4 bats
  5 frilled lizards
  7 kobolds
  3 rats (D:3)
96 creatures vanquished.

Notes
Turn   | Place    | Note
-------+----------+-------------------------------------------
     0 | D:1      | TacoSundae the Coglin Gladiator began the quest for the
                  | Orb.
     0 | D:1      | Reached XP level 1. HP: 16/16 MP: 1/1
   107 | D:1      | Reached XP level 2. HP: 22/22 MP: 2/2
   441 | D:1      | Reached XP level 3. HP: 28/28 MP: 3/3
   601 | D:2      | Found a shadowy altar of Dithmenos.
   774 | D:2      | Reached skill level 4 in Long Blades
   792 | D:2      | Noticed Terence
   798 | D:2      | Killed Terence
   799 | D:2      | Reached XP level 4. HP: 19/34 MP: 4/4
   890 | D:2      | Noticed Jessica
   899 | D:2      | Killed Jessica
  1218 | D:3      | Reached XP level 5. HP: 38/39 MP: 5/5
  1221 | D:3      | Reached skill level 5 in Long Blades
  1706 | D:3      | Found a faded altar of an unknown god.
  2097 | D:4      | Found a hide-covered altar of Uskayaw.
  2300 | D:4      | Reached skill level 6 in Long Blades
  2300 | D:4      | Reached XP level 6. HP: 46/46 MP: 6/6
  2358 | D:4      | Found an iron altar of Okawaru.
  2392 | D:4      | Became a worshipper of Warmaster Okawaru
  2577 | D:4      | Found a glowing silver altar of Zin.
  2674 | D:4      | Found Ytwageg's Jewellery Emporium.
  2701 | D:4      | Noticed a sky beast
  2716 | D:4      | Killed a sky beast
  2717 | D:4      | Reached skill level 7 in Long Blades
  2717 | D:4      | Reached XP level 7. HP: 51/51 MP: 7/7
  2742 | D:4      | Noticed Edmund
  2773 | D:4      | Killed Edmund
  2909 | D:5      | Entered Level 5 of the Dungeon
  2971 | D:5      | Noticed Eustachio
  2997 | D:5      | Killed Eustachio
  2998 | D:5      | Reached skill level 1 in Armour
  3015 | D:5      | Reached * piety under Okawaru
  3080 | D:5      | Reached skill level 8 in Long Blades
  3080 | D:5      | Reached XP level 8. HP: 47/58 MP: 8/8
  3172 | D:5      | Noticed Ijyb
  3180 | D:5      | Killed Ijyb
  3321 | D:5      | Found an ornate altar of the Wu Jian Council.
  3641 | D:5      | HP: 2/60 [acid (3)]
  3817 | D:5      | HP: 2/60 [acid (5)]
  3817 | D:5      | Splashed by a jelly's acid

Illustrated notes

Levels and vault maps discovered:
D:1:      dpeg_arrival_houses_and_road, layout_rooms, minmay_door_square,
          minmay_misc_feat_doors
D:2:      layout_rooms, basic_altar, minivault_11, dk_noncrumbling_3,
          minmay_pentomino_o4, uniq_jessica, uniq_terence
D:3:      layout_loops_ring, shapermc_ecumenical_altar_mp_highgroup
D:4:      layout_gridville, mainiacjoe_overflow_brackets, zin_statuary,
          nicolae_uskayaw_murder_on_the_dancefloor, serial_shops,
          nicolae_shop_gaudy_bauble, uniq_edmund
D:5:      layout_basic, pdpol_wu_jian_five_deadly_venoms, tso_oasis_becter,
          regret_index_xom_of_box, ebering_dispersal_statue_hall,
          uniq_eustachio, uniq_ijyb

Skill      XL: |  1  2  3  4  5  6  7  8 |
---------------+-------------------------+-----
Dodging        | 3 4 |  4.0
Long Blades    | 4 6 7 8 |  8.3
Fighting       | 3 |  3.7
Armour         | 1 2 |  2.2
Throwing       | |  1.7

Action                     |  1- 3 |  4- 6 |  7- 9 || total
---------------------------+-------+-------+-------++-------
  Melee: Long sword        |    70 |    95 |    83 ||   248
         Dagger            |    63 |    25 |       ||    88
         Short sword       |       |    70 |    82 ||   152
  Throw: Dart              |       |       |     1 ||     1
         Javelin           |       |       |     1 ||     1
         Throwing net      |       |       |     1 ||     1
  Evoke: Wand              |       |       |     1 ||     1
    Use: Potion            |       |       |     1 ||     1
   Stab: Sleeping          |     1 |       |       ||     1
         Held in net/web   |       |       |     3 ||     3
 Armour: Leather armour    |    30 |       |       ||    30
         Scale mail        |       |    46 |    69 ||   115
  Dodge: Dodged            |    33 |    54 |    42 ||   129

Table legend: (Time is in decaauts)
 A = Elapsed time spent in this place.
 B = Non-inter-level travel time spent in this place.
 C = Inter-level travel time spent in this place.
 D = Time resting spent in this place.
 E = Time spent auto-exploring this place.
 F = Levels seen in this place.
 G = Mean time per level.
                   A        B        C        D        E       F      G
               +--------+--------+--------+--------+--------+-----+--------+
         Total |   3812 |   3697 |    115 |    401 |   2322 |   5 |  762.4 |
       Dungeon |   3812 |   3697 |    115 |    401 |   2322 |   5 |  762.4 |
               +--------+--------+--------+--------+--------+-----+--------+

Top non-repeatable levels by time:
     D:4: 1040 daAuts
     D:3: 828 daAuts
     D:5: 755 daAuts
     D:2: 612 daAuts
     D:1: 576 daAuts
